 Dungeon Crawl Stone Soup version 0.28.0-45-g0d030f2227 (webtiles) character file.

Game seed: 6367568249241550956

27 pkoi the Sneak (level 2, -1/24 HPs)
             Began as a Demigod Brigand on Apr 11, 2022.
             Succumbed to an adder's poison
             ... on level 2 of the Dungeon.
             The game lasted 00:00:47 (1206 turns).

pkoi the Sneak (Demigod Brigand)                    Turns: 1206, Time: 00:00:47

Health: -1/24      AC:  3    Str: 12    XL:     2   Next: 72%
Magic:  4/4        EV: 12    Int: 13    God:
Gold:   35         SH:  0    Dex: 15    Spells: 1/1 levels left

rFire   . . .      SeeInvis .   a - +2 dagger
rCold   . . .      Faith    .   (no shield)
rNeg    . . .      Spirit   .   b - +0 robe
rPois   .          Reflect  .   (no helmet)
rElec   .          Harm     .   c - +0 cloak
rCorr   .          Rampage  .   (no gloves)
Will    .....                   (no boots)
Stlth   +++.......              (no amulet)
HPRegen 0.08/turn               (no ring)
MPRegen 0.09/turn               (no ring)

@: lethally poisoned (-1 -> -6)
A: high MP 1, forlorn, divine attributes
a: no special abilities


You were on level 2 of the Dungeon.
You visited 1 branch of the dungeon, and saw 2 of its levels.

You collected 35 gold pieces.

Inventory:

Hand Weapons
 a - a +2 dagger (weapon)
Missiles
 d - 8 poisoned darts (quivered)
 e - 2 curare-tipped darts
Armour
 b - a +0 robe (worn)
 c - a +0 cloak (worn)
Scrolls
 g - a scroll of holy word {unknown}
 h - a scroll of identify {unknown}
 i - a scroll of teleportation {unknown}
 j - a scroll of enchant armour {unknown}
Potions
 f - 2 potions of lignification {unknown}


   Skills:
 + Level 2.2 Fighting
 + Level 2.1 Short Blades
 - Level 1.7 Throwing
 + Level 1.4 Dodging
 + Level 3.9 Stealth


You had one spell level left.
You didn't know any spells.
Your spell library was empty.

Dungeon Overview and Level Annotations

Branches:
Dungeon (2/15)


Innate Abilities, Weirdness & Mutations

You have an increased reservoir of magic. (+10% MP)
You shall have no god before yourself.
Your divine heritage dramatically boosts your attributes as you level up.


Message History

You are too injured to fight recklessly!
You are too injured to fight recklessly!
You hit the adder.
The adder is moderately wounded.
You feel sick. The adder bites you.
* * * LOW HITPOINT WARNING * * *
You barely miss the adder.
The adder is moderately wounded.
You feel sick. The adder misses you.
You closely miss the adder.
The adder is moderately wounded.
You feel sick. The adder bites you.
* * * LOW HITPOINT WARNING * * *
You barely miss the adder.
The adder is moderately wounded.
You feel sick. The adder misses you. The adder bites you.
* * * LOW HITPOINT WARNING * * *
You are lethally poisoned!
The adder poisons you!
Unknown command.
Unknown command.
Unknown command.
Throw: throwing net
Press: ? - help, Q - select action, (/) - cycle Shift-Dir - straight line, f - adder
Aim: an adder (moderately wounded, 40% to hit)
You throw a throwing net. The throwing net hits the adder.
The adder is caught in the net!
The adder is moderately wounded.
* * * LOW HITPOINT WARNING * * *
You feel sick.
The adder struggles against the net.
You catch the helpless adder completely off-guard!
You puncture the adder!
You kill the adder!
* * * LOW HITPOINT WARNING * * *
You feel sick.
* * * LOW HITPOINT WARNING * * *
You feel sick.
Things that are here:
a throwing net; an adder corpse You die...

###.# #....#.# #...#
#.##...#
#...####......####
####......#..<.......
#..[...##.##.....####
#.##...##.##..<..#
#.#######........#
#.#...# ####.....#
#.'(@.# #.....#
###...# #.##### #####
##


There were no monsters in sight!

Vanquished Creatures
  An adder (D:2)
  A dart slug (D:1)
  3 endoplasms (D:1)
  A giant cockroach (D:2)
  2 hobgoblins
  2 kobolds
  3 ball pythons (D:1)
  A bat (D:2)
  A rat (D:2)
15 creatures vanquished.

Notes
Turn   | Place    | Note
-------+----------+-------------------------------------------
     0 | D:1      | pkoi the Demigod Brigand began the quest for the Orb.
     0 | D:1      | Reached XP level 1. HP: 17/17 MP: 3/3
   227 | D:1      | Reached skill level 1 in Dodging
   621 | D:1      | Reached XP level 2. HP: 24/24 MP: 4/4
  1205 | D:2      | HP: 1/24 [poisoned by an adder]
  1206 | D:2      | Succumbed to an adder's poison

Illustrated notes

Levels and vault maps discovered:
D:1:      lemuel_arrival_cross, layout_rooms, serial_corexii_hall,
          corexii_hall_statues_s, corexii_hall_statues_t,
          chequers_hall_statues_y, corexii_hall_statues_u,
          chequers_hall_statues_wall_a, chequers_hall_statues_wall_a
D:2:      layout_basic, dreamdust_ecumenical_altar_statues, eino_tiny_chamber,
          uniq_sigmund

Skill      XL: |  1 |
---------------+----+-----
Dodging        | 1 |  1.4
Fighting       | 2 |  2.2
Short Blades   | 2 |  2.1
Throwing       | |  1.7
Stealth        | |  3.9

Action                   || total
-------------------------++-------
Melee: Dagger            ||    45
       Punch             ||     1
Throw: Throwing net      ||     1
 Stab: Sleeping          ||     3
       Held in net/web   ||     1
Armor: Robe              ||     7
Dodge: Dodged            ||    18
